cohdb
Replays
Latest Replays
All Replays
Popular Replays
Top Player Replays
Match Explorer
How It Works
Community
CoH3 Stats
Reddit
Sign in to upload your games and track your stats! →
Sign in with Steam
Match 41498625
Unlisted
Match 41498625
Overview
Messages
Build Orders
End
Construct Barracks
Engineer Squad
Riflemen Squad
Riflemen Squad
Construct Weapon Support Center
M1919 Machine Gun Team
M1 Mortar Team
Bazooka Squad
Mechanized Support Center
Selects Armored Battlegroup
Selects Fast Deploy
M3 Armored Personnel Carrier
M1919 Machine Gun Team
Selects M8 Scott SPG
M8 Scott SPG
Selects Veteran Crews
M1919 Machine Gun Team
Construct Medical Station
Designate Forward Repair Station
Construct Motor Pool
Selects M31 Recovery Vehicle
M1 Anti-tank Gun Team
Selects War Machine
M24 Chaffee Light Tank
M3 75 mm Gun Motor Carriage
Kembool
sw
0
0
Comments
sign in to comment!
No comments posted yet!